 Dungeon Crawl Stone Soup version 0.28-a0-802-g09f76e8c00 (webtiles) character file.

Game seed: 3360571531908034844

2089 iamoutofideas the Thaumaturge (level 9, -10/59 HPs)
             Began as a Demonspawn Fire Elementalist on Nov 7, 2021.
             Mangled by a yak (13 damage)
             ... on level 6 of the Dungeon.
             The game lasted 00:14:03 (8830 turns).

iamoutofideas the Thaumaturge (DsFE)                Turns: 8830, Time: 00:14:04

Health: -10/59     AC:  7    Str: 10    XL:     9   Next: 6%
Magic:  0/21       EV: 12    Int: 19    God:
Gold:   287        SH:  0    Dex: 13    Spells: 12/25 levels left

rFire   . . .      SeeInvis .   o - +3 short sword
rCold   . . .      Faith    .   (no shield)
rNeg    . . .      Spirit   +   k - +1 leather armour
rPois   .          Reflect  .   (no helmet)
rElec   .          Harm     .   (no cloak)
rCorr   .          Rampage  .   (no gloves)
Will    .....                   f - +2 pair of boots
Stlth   ++........              (no amulet)
HPRegen 0.19/turn               (no ring)
MPRegen 0.34/turn               (no ring)

@: no status effects
A: hooves 2, spiny 1, magic shield, magic regeneration, sturdy frame 2
a: no special abilities


You were on level 6 of the Dungeon.
You visited 2 branches of the dungeon, and saw 8 of its levels.
You also visited: Ossuary.

You collected 287 gold pieces.

Inventory:

Hand Weapons
 o - a +3 short sword (weapon)
Armour
 a - a +0 robe
 f - a +2 pair of boots (worn)
 k - a +1 leather armour (worn)
Jewellery
 j - an amulet of magic regeneration
 q - a ring of wizardry
Wands
 h - a wand of flame (12)
Scrolls
 e - a scroll of enchant armour
 m - 5 scrolls of identify
 s - a scroll of fear
 u - a scroll of acquirement {unknown}
 v - 4 scrolls of noise {unknown}
 w - a scroll of silence
Potions
 b - 2 potions of curing {unknown}
 c - a potion of ambrosia {unknown}
 d - 2 potions of flight
 g - 2 potions of brilliance {unknown}
 i - 4 potions of degeneration {unknown}
 l - a potion of resistance {unknown}
 n - a potion of might {unknown}
 p - a potion of mutation {unknown}
 r - a potion of berserk rage {unknown}
 t - a potion of cancellation {unknown}


   Skills:
 + Level 1.5 Fighting
 + Level 0.5 Short Blades
 + Level 3.0 Dodging
 - Level 1.7 Stealth
 * Level 8.6 Spellcasting
 + Level 4.0 Conjurations
 + Level 5.6 Fire Magic
 + Level 0.2 Air Magic


You had 12 spell levels left.
You knew the following spells:

 Your Spells              Type           Power      Damage    Failure   Level
a - Foxfire               Conj/Fire      100%       2x1d9     1%          1
b - Scorch                Fire           58%        2d7       1%          2
c - Swiftness             Air            9%         N/A       22%         3
d - Conjure Flame         Conj/Fire      26%        6-21      3%          3
e - Flame Wave            Conj/Fire      26%        3d6       12%         4

Your spell library contained the following spells:

 Spells                   Type           Power      Damage    Failure   Level
 Inner Flame              Hex/Fire       18%        N/A       9%          3
 Passwall                 Tmut/Erth      6%         N/A       13%         2
 Cause Fear               Hex            4%         N/A       65%         4
 Summon Ice Beast         Ice/Summ       8%         N/A       65%         4
 Summon Mana Viper        Hex/Summ       8%         N/A       94%         5
 Invisibility             Hex            4%         N/A       100%        6
 Dragon Form              Tmut           4%         N/A       100%        7
 Monstrous Menagerie      Summ           4%         N/A       100%        7
 Dragon's Call            Summ           4%         N/A       100%        9


Dungeon Overview and Level Annotations

Branches:
Dungeon (7/15)             Temple (1/1) D:4         Ossuary (visited)

Altars:
Ashenzari
Cheibriados
Dithmenos
Elyvilon
Fedhas
Gozag
Hepliaklqana
Makhleb
Okawaru
Qazlal
Ru
Sif Muna
Trog
Uskayaw
Wu Jian
Xom
Yredelemnul
Zin
The Shining One

Shops:
D:1 [

Annotations:
D:3 2 transporters, AlleluiaPinecone's ghost, amateur MiHu


Innate Abilities, Weirdness & Mutations

You have hoof-like feet.
You are partially covered in sharp spines.
When hurt, damage is shared between your health and your magic reserves.
You regenerate magic rapidly.
Your movements are less encumbered by armour. (ER -4)


Message History

The steam dragon is moderately wounded.
The yak gores you!
Unknown command.
A wave of flame ripples out!
The flame wave engulfs the yak!
The yak is almost dead.
The flame wave engulfs the yak.
The yak is moderately wounded.
The flame wave engulfs the yak!
You kill the yak!
The flame wave engulfs the steam dragon!
The steam dragon is severely wounded.
The flame wave engulfs the yak!
The yak is moderately wounded.
You finish channelling waves of flame.
You hear a shout!
You hear an angry growl.
A water moccasin comes into view.
The yak gores you!
* * * LOW HITPOINT WARNING * * *
Your Conjurations skill increases to level 4!
You have reached level 9!
Your experience leads to an increase in your attributes!
Increase (S)trength, (I)ntelligence, or (D)exterity?
You feel clever.
Your demonic ancestry asserts itself...
Sharp spines emerge from parts of your body.
The yak gores you!
* * * LOW HITPOINT WARNING * * *
There is a stone staircase leading up here.
The yak gores you!
* * * LOW HITPOINT WARNING * * *
You climb upwards.
There is a stone staircase leading down here.
Casting: Flame Wave (dangerous; 12% risk of failure)
Confirm with . or Enter, or press ? or * to list all spells.
You don't have enough magic to cast this spell.
Casting: Flame Wave (dangerous; 12% risk of failure)
Confirm with . or Enter, or press ? or * to list all spells.
Flames lash the yak.
The yak is severely wounded.
The yak's fire resistance burns away.
The yak gores you!
You die...

####### #.#.###.#.......)..###..
###...## #.#..##.#....).....)##..
....#..###....##.########....##..
#..###..##.....#.# #....##..
..##)##......#.#.# #....##.<
.##)..##...###...# #######..
..##.##..#....#..# #..
...)##........#Y.####### ###
##))#.........+.@......#
###.......#...##########
....#.....#...# ...''.....#####
...##.....# ...##.....#
...######## ####


You could see a yak (combustible).

Vanquished Creatures
  A yak (D:7)
  A steam dragon (D:6)
  2 water moccasins (D:6)
  An orc warrior (D:6)
  2 necrophages
  An ogre (D:6)
  A phantom (D:5)
  A kobold brigand (D:5)
  A bullfrog (D:4)
  A scorpion (D:6)
  2 wights (D:5)
  A howler monkey (D:6)
  2 centaur zombies
  2 bullfrog zombies (D:5)
  A hound (D:5)
  A human zombie (D:5)
  2 bullfrog skeletons
  2 centaur skeletons
  3 iguanas
  An orc wizard (D:6)
  3 scorpion zombies (D:5)
  A hound zombie (D:5)
  A hound skeleton (D:4)
  3 mummies
  9 gnolls
  6 adders
  A shadow imp (D:5)
  A white imp (D:6)
  2 ufetubi (D:5)
  An adder skeleton (D:4)
  A worm (D:2)
  3 dart slugs
  10 orcs
  A spectral bat (Ossuary)
  5 ball pythons
  6 bats
  7 endoplasms
  3 giant cockroaches
  12 gnoll zombies (Ossuary)
  8 goblins
  5 hobgoblins
  7 jackals (D:1)
  3 quokkas (D:3)
  6 bat simulacra (Ossuary)
  3 frilled lizards
  4 goblin zombies (Ossuary)
  8 hobgoblin zombies (Ossuary)
  12 kobolds
  4 kobold simulacra (Ossuary)
  A kobold zombie (Ossuary)
  5 orc zombies (Ossuary)
  5 rats
  6 rat simulacra (Ossuary)
  3 spectral goblins (Ossuary)
  3 spectral kobolds (Ossuary)
  4 spectral rats (Ossuary)
192 creatures vanquished.

Vanquished Creatures (collateral kills)
  2 foxfires
2 creatures vanquished.

Vanquished Creatures (others)
  534 foxfires
  2 fungi (D:1)
  A plant (D:2)
537 creatures vanquished.

Grand Total: 731 creatures vanquished

Notes
Turn   | Place    | Note
-------+----------+-------------------------------------------
     0 | D:1      | iamoutofideas the Demonspawn Fire Elementalist began the
                  | quest for the Orb.
     0 | D:1      | Reached XP level 1. HP: 13/13 MP: 3/3
   225 | D:1      | Gained mutation: You regenerate magic rapidly. [demonic
                  | ancestry]
   225 | D:1      | Reached XP level 2. HP: 10/19 MP: 0/5
   805 | D:1      | Gained mutation: You have large cloven feet. [demonic
                  | ancestry]
   805 | D:1      | Reached XP level 3. HP: 17/24 MP: 0/6
  1050 | D:1      | Found Gusomoit's Antique Armour Shop.
  1332 | D:1      | Found a faded altar of an unknown god.
  1386 | D:1      | You fall into a shaft and drop 1 floor!
  1750 | D:1      | Learned a level 2 spell: Scorch
  1754 | D:1      | Learned a level 3 spell: Swiftness
  2286 | D:2      | Gained mutation: Your movements are slightly less
                  | encumbered by armour. (ER -2) [demonic ancestry]
  2286 | D:2      | Reached XP level 4. HP: 27/30 MP: 5/8
  2394 | D:2      | Reached skill level 3 in Spellcasting
  2844 | D:3      | Found a transporter.
  3299 | D:3      | Gained mutation: Your movements are less encumbered by
                  | armour. (ER -4) [demonic ancestry]
  3299 | D:3      | Reached XP level 5. HP: 35/35 MP: 8/10
  3303 | D:3      | Learned a level 3 spell: Conjure Flame
  3418 | D:3      | Noticed AlleluiaPinecone's ghost (amateur MiHu)
  3426 | D:3      | Found a transporter.
  3749 | D:4      | Reached skill level 4 in Spellcasting
  4197 | D:4      | Found a burning altar of Makhleb.
  4198 | D:4      | Noticed a necrophage
  4218 | D:4      | Killed a necrophage
  4219 | D:4      | Reached XP level 6. HP: 26/41 MP: 7/12
  4667 | D:4      | Found a staircase to the Ecumenical Temple.
  4682 | Temple   | Entered the Ecumenical Temple
  4911 | D:5      | Entered Level 5 of the Dungeon
  4966 | D:5      | Reached skill level 5 in Spellcasting
  4988 | D:5      | Learned a level 4 spell: Flame Wave
  5083 | D:5      | Gained mutation: When hurt, damage is shared between your
                  | health and your magic reserves. [demonic ancestry]
  5083 | D:5      | Reached XP level 7. HP: 32/46 MP: 11/15
  5239 | D:5      | Reached skill level 6 in Spellcasting
  5664 | D:5      | Found a basalt altar of Yredelemnul.
  5982 | D:5      | Gained mutation: You have hoof-like feet. [demonic
                  | ancestry]
  5982 | D:5      | Reached XP level 8. HP: 51/53 MP: 9/18
  6491 | D:6      | Reached skill level 1 in Fighting
  6491 | D:6      | Reached skill level 7 in Spellcasting
  6504 | D:5      | Reached skill level 5 in Fire Magic
  7127 | D:6      | Reached skill level 8 in Spellcasting
  7206 | D:6      | Found a sand-covered staircase.
  7210 | Ossuary  | Entered an ossuary
  8812 | D:7      | Gained mutation: You are partially covered in sharp spines.
                  | [demonic ancestry]
  8812 | D:7      | Reached XP level 9. HP: 11/59 MP: 1/21
  8828 | D:7      | HP: 2/59 [yak (5)]
  8830 | D:6      | Mangled by a yak

Illustrated notes

Levels and vault maps discovered:
D:1:      roderic_octagonal_star, layout_loops_ring, serial_shops,
          nicolae_shop_behind_doors, shapermc_ecumenical_altar_acropolis,
          minmay_unequal
D:2:      layout_basic, serial_bayou_pond_c
D:3:      layout_basic, serial_corexii_hall, chequers_hall_statues_wall_a,
          corexii_hall_statues_i, gammafunk_ghost_mausoleum
D:4:      layout_loops_ring, makhleb_blood_cavern_becter, temple_statues
D:5:      layout_basic, lemuel_mausoleum_altar_yredelemnul
D:6:      layout_basic, enter_ossuary_5
D:7:      layout_loops_cross, kiku_gazebo_garden_becter
Temple:   minmay_crystal_spiral_temple

Skill      XL: |  1  2  3  4  5  6  7  8 |
---------------+-------------------------+-----
Fire Magic     | 3 4 5 |  5.6
Dodging        | 2 3 |  3.0
Spellcasting   | 3 4 5 6 8 |  8.6
Conjurations   | 2 3 4 |  4.0
Fighting       | 1 |  1.5
Short Blades   | |  0.5
Stealth        | |  1.7
Air Magic      | |  0.2

Action                   |  1- 3 |  4- 6 |  7- 9 || total
-------------------------+-------+-------+-------++-------
Melee: Unarmed           |     1 |     6 |       ||     7
       Kick              |     1 |       |       ||     1
       Short sword       |       |       |    33 ||    33
 Cast: Foxfire           |   104 |   141 |   104 ||   349
       Scorch            |       |    14 |    38 ||    52
       Flame Wave        |       |       |    27 ||    27
       Swiftness         |       |       |     3 ||     3
  Use: Scroll            |     3 |       |     3 ||     6
 Stab: Sleeping          |       |     1 |       ||     1
Armor: Robe              |    10 |     2 |       ||    12
       Leather armour    |       |    15 |    73 ||    88
Dodge: Dodged            |    51 |    28 |   105 ||   184

Table legend: (Time is in decaauts)
 A = Elapsed time spent in this place.
 B = Non-inter-level travel time spent in this place.
 C = Inter-level travel time spent in this place.
 D = Time resting spent in this place.
 E = Time spent auto-exploring this place.
 F = Levels seen in this place.
 G = Mean time per level.
                   A        B        C        D        E       F      G
               +--------+--------+--------+--------+--------+-----+--------+
         Total |   8834 |   8404 |    430 |   1846 |   4777 |   9 |  981.6 |
       Dungeon |   7640 |   7295 |    345 |   1276 |   4558 |   7 | 1091.4 |
        Temple |    210 |    126 |     84 |      0 |    111 |   1 |  210.0 |
       Ossuary |    983 |    983 |      0 |    570 |    108 |   1 |  983.0 |
               +--------+--------+--------+--------+--------+-----+--------+

Top non-repeatable levels by time:
     D:1: 1833 daAuts
     D:5: 1832 daAuts
     D:4: 1159 daAuts
 Ossuary: 983 daAuts
     D:6: 948 daAuts
     D:2: 914 daAuts
     D:3: 794 daAuts
  Temple: 210 daAuts
     D:7: 156 daAuts
